 Dungeon Crawl Stone Soup version 0.30-b1-2-g02819fbbbe (webtiles) character file.

Game seed: 13842723503175107331

24 ketsa the Sneak (level 3, 0/21 HPs)
             Began as a Kobold Brigand on May 22, 2023.
             Slain by an orc wizard
             ... wielding a +1 dagger of electrocution
              (5 damage)
             ... on level 1 of the Dungeon.
             The game lasted 00:03:16 (1150 turns).

ketsa the Sneak (Kobold Brigand)                    Turns: 1150, Time: 00:03:17

Health: 0/21       AC:  5    Str:  8    XL:     3   Next: 15%
Magic:  3/3        EV: 14    Int: 12    God:
Gold:   44         SH:  5    Dex: 18    Spells: 2/2 levels left

rFire   + + .        a - +3 dagger
rCold   . . .        (no shield)
rNeg    . . .        r - +1 leather armour {rF+}
rPois   .            (no helmet)
rElec   .            c - +0 cloak
rCorr   .            (no gloves)
SInv    .            (no boots)
Will    .....        q - amulet of reflection
Stlth   ++++         n - ring of protection from fire
HPRegen 0.23/turn    (no ring)
MPRegen 0.08/turn

%: reflection
@: invisible
A: small, no large weapons, nightstalker 3
a: no special abilities


You were on level 1 of the Dungeon.
You visited 1 branch of the dungeon, and saw 2 of its levels.

You collected 44 gold pieces.

Inventory:

Hand Weapons
 a - a +3 dagger (weapon)
Missiles
 d - 11 poisoned darts (quivered)
 e - 3 curare-tipped darts
Armour
 b - a +0 robe
 c - a +0 cloak (worn)
 k - a +0 scale mail
 l - a +0 ring mail
 o - a +0 ring mail of cold resistance
 r - a +1 leather armour of fire resistance (worn)
Magical Staves
 h - a staff of conjuration
 j - a staff of death
Jewellery
 n - a ring of protection from fire (left hand)
 q - an amulet of reflection (around neck)
Potions
 g - a potion of mutation
 i - 2 potions of brilliance


   Skills:
 - Level 2.1 Fighting
 * Level 3.7 Short Blades
 - Level 2.1 Throwing
 + Level 2.0 Dodging
 + Level 5.6 Stealth


You had 2 spell levels left.
You didn't know any spells.
Your spell library was empty.

Dungeon Overview and Level Annotations

Branches:
Dungeon (2/15) Zot: 10856

Altars:


Innate Abilities, Weirdness & Mutations

You are small and have problems with some larger weapons.
You are completely attuned to the shadows.


Message History

The orc wizard gestures wildly while chanting.
The orc wizard flickers and vanishes!
Deactivating autopickup; reactivate with Ctrl-A.
You see here a +0 ring mail.
The orc attacks as you move away! The orc hits you but does no damage.
The orc attacks as you move away! The orc hits you with a +0 dagger.
There is a stone staircase leading up here.
You hit the orc.
The orc is heavily wounded.
You hit the orc.
You kill the orc!
Something tries to affect you, but you resist.
You start waiting.
There is a strange disturbance nearby!
Things that are here:
a +0 dagger; a +0 leather armour You closely miss something.
Something hits you but does no damage.
You are electrocuted!
Ouch! That really hurt!
* * * LOW HITPOINT WARNING * * *
You miss something.
You hear some strange, mumbled words.
A puff of flame appears from out of thin air!
The puff of flame misses you.
There is a stone staircase leading up here.
You hear some strange, mumbled words.
A magic dart appears from out of thin air!
The magic dart hits you.
* * * LOW HITPOINT WARNING * * *
You climb upwards.
Something enters a dispersal trap!
You blink.
You stop ascending the stairs.
Reactivating autopickup.
As you read the scroll labelled XAOLAS YNARE, it crumbles to dust.
It is a scroll of enchant weapon.
Your +2 dagger glows red for a moment.
You fade into invisibility!
Something hits you but does no damage.
Deactivating autopickup; reactivate with Ctrl-A.
You puncture something! Something hits you.
You die...

#....# #........# ########
#######.##.####.######.#
#....... .......)##......#
#.# #.#####.
######################.#
#.##..#. #.........# #.....#
#.##..#. #.#######.#
#.#######.##..#. #.#######.#
#.........##..##
#.#.....#.###############..##
#.#.##.##.>^@{........#......
##
#.#.##.##############.#.#####
.# #.#.##...........# #.#.#
#. .# #.#.############.#
#.#.# #. .# #.#......# #.#
#.#.# #. .# #.######.# #.#
#.#.# ## .# #.####...#
#.####.#.# #. .# #....#.###
#........# #. .####....#.##
######.#.# #.


There were no monsters in sight!

Vanquished Creatures
  2 orcs (D:2)
  3 ball pythons (D:1)
  3 endoplasms (D:1)
  A giant cockroach (D:1)
  3 goblins (D:1)
  A hobgoblin (D:1)
  2 kobolds (D:1)
  A quokka (D:1)
  A frilled lizard (D:1)
  2 rats
19 creatures vanquished.

Notes
Turn   | Place    | Note
-------+----------+-------------------------------------------
     0 | D:1      | ketsa the Kobold Brigand began the quest for the Orb.
     0 | D:1      | Reached XP level 1. HP: 12/12 MP: 1/1
   259 | D:1      | Reached XP level 2. HP: 13/17 MP: 2/2
  1089 | D:2      | Reached XP level 3. HP: 21/21 MP: 3/3
  1150 | D:1      | Slain by an orc wizard

Illustrated notes

Levels and vault maps discovered:
D:1:      co_arrival_random_square_maze, layout_basic
D:2:      layout_loops_cross, serial_shops, nicolae_shop_window_shopping,
          basic_altar, minmay_statues_item

Skill      XL: |  1  2  3 |
---------------+----------+-----
Short Blades   | 3 |  3.7
Dodging        | 2 |  2.0
Fighting       | |  2.1
Throwing       | |  2.1
Stealth        | |  5.6

Action                     || total
---------------------------++-------
  Melee: Dagger            ||    40
    Use: Scroll            ||     4
         Potion            ||     1
   Stab: Sleeping          ||    12
 Armour: Robe              ||     1
         Leather armour    ||     3
  Dodge: Dodged            ||    13
  Block: Other             ||     4
